 Dungeon Crawl Stone Soup version 0.17.1-1-g73c8601 (webtiles) character file.

227 Olafur the Cudgeler (level 6, 0/48 HPs)
             Began as a Human Berserker on Jan 6, 2016.
             Was a Priest of Trog.
             Slain by AlfredTheGreat's ghost (4 damage)
             ... on level 3 of the Dungeon.
             The game lasted 00:16:18 (2124 turns).

Olafur the Cudgeler (Human Berserker)               Turns: 2124, Time: 00:16:18

Health: 0/48       AC: 10    Str: 20    XL:     6   Next: 22%
Magic:  6/6        EV:  3    Int:  7    God:    Trog [***...]
Gold:   77         SH:  0    Dex: 12    Spells: 0 memorised, 5 levels left

rFire  . . .     SeeInvis .     m - +2 mace (crush)
rCold  . . .     Clarity  .     g - +0 chain mail
rNeg   . . .     SustAt   .     (no shield)
rPois  .         Gourm    .     (no helmet)
rElec  .         Spirit   .     p - +0 cloak
rCorr  .         Warding  .     (no gloves)
rMut   .         Stasis   .     (no boots)
MR     .....                    d - amulet of regeneration
Stlth  ..........               (no ring)
                                (no ring)

@: not resistant to hostile enchantments, extremely unstealthy
A: no striking features
a: Berserk, Trog's Hand, Burn Spellbooks, Renounce Religion


You were on level 3 of the Dungeon.
You worshipped Trog.
Trog was most pleased with you.
You were hungry.

You visited 1 branch of the dungeon, and saw 3 of its levels.

You collected 77 gold pieces.

Inventory:

Hand Weapons
 a - a +0 mace
 j - a +0 short sword
 m - a +2 mace of crushing (weapon)
 n - a +0 hunting sling
 o - a cursed -3 mace
 q - a +3 quarterstaff of chaos
 r - a +0 mace
 t - a +0 rapier
 v - a +1 short sword of holy wrath
 w - a +2 short sword of venom
Armour
 b - a +0 animal skin
 g - a +0 chain mail (worn)
 p - a +0 cloak (worn)
 x - a cursed +0 robe
 B - a +0 chain mail
Jewellery
 d - an amulet of regeneration (around neck)
Scrolls
 e - a scroll of identify {unknown}
 f - 2 scrolls of magic mapping {unknown}
 i - a scroll of enchant armour {unknown}
 k - a scroll of fear {unknown}
 s - a scroll of immolation {unknown}
 u - a scroll of remove curse {unknown}
 y - a scroll of fog {unknown}
Potions
 h - a potion of might {unknown}
 l - 2 potions of curing {unknown}
 A - a potion of berserk rage {unknown}
Comestibles
 c - 2 bread rations
 z - a slice of pizza


   Skills:
 + Level 4.2 Fighting
 + Level 4.6 Maces & Flails
 + Level 2.8 Armour
 + Level 3.0 Dodging
 + Level 0.4 Stealth


You had 5 spell levels left.
You didn't know any spells.

Dungeon Overview and Level Annotations

Branches:
Dungeon (3/15)

Altars:

Portals:
Sewer: D:3

Annotations:
D:3 AlfredTheGreat's ghost, amateur DrBe


Message History

AlfredTheGreat's ghost hits you!
* * * LOW HITPOINT WARNING * * *
The giant gecko barely misses you.
You hit the giant gecko.
You kill the giant gecko!
Trog accepts your kill.
AlfredTheGreat's ghost whispers, "There is no future for you."
AlfredTheGreat's ghost hits you but does no damage.
The goblin shoots a stone.
The stone hits you but does no damage. 2 goblins come into view.
The goblin shouts! x2
AlfredTheGreat's ghost closely misses you.
The goblin shoots a stone.
The stone hits you but does no damage.
A goblin comes into view. It is wielding a dagger.
There is a stone staircase leading up, spattered with blood here.
You see here a stone.
You can't go down here!
The goblin shouts!
AlfredTheGreat's ghost hits you.
You die...

#......(# .........).##..
#....g..# #...# #†###..
#.(...g.####+##...# #)(....
#.....g.......#...##########.
#.....[..................###.
######...................#...
#....g..................
#.......)........[......
#.....)@W(..............
##########...................#...
#............................#...
#....).......#####...........#...
#............# #############...
#............# ####
#............# #............#
#............#


You could see AlfredTheGreat's ghost and 4 goblins.

Vanquished Creatures
  An orc priest (D:3)
  An orc wizard (D:3)
  Crazy Yiuf (D:2)
  Robin (D:3)
  2 adders (D:2)
  3 oozes (D:1)
  4 worms (D:2)
  4 giant geckos
  5 orcs (D:3)
  A ball python (D:3)
  8 bats
  4 giant cockroaches
  11 goblins
  8 hobgoblins
  6 jackals
  5 kobolds
  A quokka (D:2)
  A giant newt (D:2)
  7 rats
74 creatures vanquished.

Notes
Turn   | Place    | Note
--------------------------------------------------------------
     0 | D:1      | Olafur the Human Berserker began the quest for the Orb.
     0 | D:1      | Reached XP level 1. HP: 18/18 MP: 1/1
   252 | D:1      | Reached XP level 2. HP: 21/24 MP: 2/2
   788 | D:1      | Reached XP level 3. HP: 26/29 MP: 3/3
  1008 | D:2      | Reached XP level 4. HP: 9/36 MP: 4/4
  1139 | D:2      | Noticed Crazy Yiuf
  1147 | D:2      | Killed Crazy Yiuf
  1237 | D:2      | Reached skill level 4 in Maces & Flails
  1249 | D:2      | Reached ** piety under Trog
  1398 | D:2      | Reached XP level 5. HP: 42/42 MP: 5/5
  1692 | D:2      | You fall through a shaft!
  1783 | D:3      | Reached XP level 6. HP: 17/48 MP: 6/6
  1979 | D:3      | Found a glowing drain.
  1980 | D:3      | Noticed AlfredTheGreat's ghost (amateur DrBe)
  1989 | D:3      | Noticed Robin
  2005 | D:3      | Reached *** piety under Trog
  2110 | D:3      | Killed Robin
  2121 | D:3      | HP: 2/48 [AlfredTheGreat's ghost (8)]
  2124 | D:3      | Slain by AlfredTheGreat's ghost

Action                   |  1- 3 |  4- 6 || total
-------------------------+-------+-------++-------
Melee: Mace              |    86 |   142 ||   228
 Stab: Invisible         |       |     1 ||     1
  Eat: Meat ration       |       |     1 ||     1
